 Dungeon Crawl Stone Soup version 0.31.0-32-g396128a36d (webtiles) character file.

Game seed: 5067357242233085285

203072 MollyMolluskus the Brawler (level 18, -4/140 HPs)
             Began as an Octopode Fighter on Apr 6, 2024.
             Was a High Priest of Wu Jian.
             Killed from afar by a deep elf knight (31 damage)
             ... with a shard of ice
             ... on level 2 of the Elven Halls on Apr 7, 2024.
             The game lasted 02:13:03 (30806 turns).

MollyMolluskus the Brawler (Octopode Fighter)      Turns: 30806, Time: 02:13:03

Health: -4/140     AC:  9    Str: 33    XL:     18   Next: 60%
Magic:  18/18      EV: 22    Int: 11    God:    Wu Jian [*****.]
Gold:   3260       SH:  7    Dex: 18    Spells: 17/17 levels left

rFire   + .          .
                       - Unarmed
rCold   + . .        T - +2 buckler of the Invisible Hand {rF+ Regen+}
rNeg    + . .        (helmet restricted)
rPois   +            (no amulet)
rElec   .            a - +4 ring of protection
rCorr   .            h - ring "Coatoaqi" {Str+5 Dex+3 Slay+4}
SInv    .            u - +6 ring of strength
Will    ++...        y - ring of poison resistance
Stlth   ++++         v - +4 ring of protection
HPRegen 1.23/turn    I - +5 ring of evasion
MPRegen 0.16/turn    O - ring "Siophure" {Fly rC+ rN+ Dex+3}
                     S - ring of willpower

%: no passive effects
@: maw-form, flying
A: devouring maw, almost no armour, amphibious, 8 rings, camouflage 1,
gelatinous body 1, (nimble swimmer 1), tentacles
}: 1/15 runes: barnacled
a: Begin Untransformation, Renounce Religion, Wall Jump, Serpent's Lash,
Heavenly Storm


You were on level 2 of the Elven Halls.
You worshipped Wu Jian.
Wu Jian was extremely pleased with you.
You were a creature with a mouth for a stomach.
You visited 6 branches of the dungeon, and saw 29 of its levels.
You also visited: Bailey.

You collected 5305 gold pieces.
You spent 2045 gold pieces at shops.

Inventory:

Hand Weapons
 H - the +11 falchion of Wityph {antimagic, rElec rC+ Dex-2 SInv}
   (You found it on level 3 of the Lair of Beasts)

   Dex-2:     It affects your dexterity (-2).
   rC+:       It protects you from cold.
   rElec:     It insulates you from electricity.
   SInv:      It lets you see invisible.
Missiles
 f - 28 poisoned darts
 z - a throwing net
 C - a curare-tipped dart
 V - 24 silver javelins
Armour
 T - the +2 buckler of the Invisible Hand (worn) {rF+ Regen+}
   (You acquired it on level 13 of the Dungeon)

   rF+:       It protects you from fire.
   Regen+:    It increases your rate of health regeneration.
Jewellery
 a - a +4 ring of protection (left tentacle)
 h - the ring "Coatoaqi" (right tentacle) {Str+5 Dex+3 Slay+4}
   (You acquired it on level 8 of the Dungeon)

   [ring of slaying]

   Str+5:     It affects your strength (+5).
   Dex+3:     It affects your dexterity (+3).
   Slay+4:    It affects your accuracy & damage with ranged weapons and melee
   (+4).
 u - a +6 ring of strength (on tentacle)
 v - a +4 ring of protection (on tentacle)
 y - a ring of poison resistance (on tentacle)
 F - a ring of positive energy
 I - a +5 ring of evasion (on tentacle)
 O - the ring "Siophure" (on tentacle) {Fly rC+ rN+ Dex+3}
   (You found it on level 5 of the Lair of Beasts)

   [ring of flight]

   Dex+3:     It affects your dexterity (+3).
   rC+:       It protects you from cold.
   rN+:       It protects you from negative energy.
   Fly:       It grants you flight.
 S - a ring of willpower (on tentacle)
 U - a ring of positive energy
Talismans
 A - a maw talisman (active)
 W - the granite talisman of the Wild Haggis {rN+}
   (You took it off Roxanne on level 15 of the Dungeon)

   [granite talisman]

   rN+:       It protects you from negative energy.
Wands
 l - a wand of roots (10)
 K - a wand of acid (4)
 P - a wand of mindburst (27)
 Y - a wand of digging (8)
Scrolls
 b - a scroll of fear
 j - 4 scrolls of immolation
 m - 12 scrolls of teleportation
 o - 2 scrolls of silence
 p - 4 scrolls of blinking
 r - 10 scrolls of identify
 B - 6 scrolls of fog
 E - a scroll of revelation
 M - a scroll of poison
Potions
 c - 2 potions of invisibility
 d - 2 potions of heal wounds
 g - 5 potions of curing
 i - 5 potions of mutation
 n - 5 potions of enlightenment
 s - 2 potions of cancellation
 t - 8 potions of resistance
 x - a potion of haste
 G - a potion of berserk rage
 N - 2 potions of might
 Q - a potion of ambrosia
Miscellaneous
 e - a phantom mirror
 D - a phial of floods
 R - a condenser vane (inert)


   Skills:
 + Level 17.8 Fighting
 - Level 8.0 Dodging
 - Level 4.0 Stealth
 - Level 4.0 Shields
 + Level 20.4 Unarmed Combat
 + Level 16.4 Shapeshifting


You had 17 spell levels left.
You didn't know any spells.
Your spell library contained the following spells:

 Spells                   Type           Power      Damage    Failure   Level
 Apportation              Tloc           0%         N/A       38%         1
 Foxfire                  Conj/Fire      0%         2x1d4     38%         1
 Freeze                   Ice            0%         1d3       38%         1
 Necrotise                Necr           0%         1d4       38%         1
 Shock                    Conj/Air       0%         1d3       38%         1
 Sting                    Conj/Alch      0%         1d3       38%         1
 Summon Small Mammal      Summ           0%         N/A       38%         1
 Cigotuvi's Dreadful Rot  Necr/Alch/Air  0%         N/A       52%         2
 Jinxbite                 Hex            0%         N/A       52%         2
 Mercury Vapours          Alch/Air       0%         N/A       52%         2
 Searing Ray              Conj           0%         2d4       52%         2
 Call Canine Familiar     Summ           0%         N/A       77%         3
 Frozen Ramparts          Ice            0%         1d1       77%         3
 Hailstorm                Conj/Ice       0%         3d5       77%         3
 Swiftness                Air            0%         N/A       77%         3
 Vampiric Draining        Necr           0%         2d6       77%         3
 Airstrike                Air            0%         2d(0-16)  99%         4
 Animate Dead             Necr           0%         N/A       99%         4
 Dispel Undead            Necr           0%         3d6       99%         4
 Iskenderun's Mystic Bla  Conj/Tloc      0%         2d3       99%         4
 Martyr's Knell           Necr/Summ      0%         N/A       99%         4
 Olgreb's Toxic Radiance  Alch           0%         N/A       99%         4
 Summon Blazeheart Golem  Fire/Summ      0%         N/A       99%         4
 Vhi's Electric Charge    Tloc/Air       0%         N/A       99%         4
 Alistair's Intoxication  Alch           0%         N/A       100%        5
 Arcjolt                  Conj/Air       0%         1d10      100%        5
 Borgnjor's Vile Clutch   Necr/Erth      0%         N/A       100%        5
 Curse of Agony           Necr           0%         N/A       100%        5
 Irradiate                Conj/Alch      0%         3d11      100%        5
 Iskenderun's Battlesphe  Conj           0%         2d6       100%        5
 Yara's Violent Unravell  Hex/Alch       0%         3d3       100%        5
 Bombard                  Conj/Erth      0%         9d1       100%        6
 Death Channel            Necr           0%         N/A       100%        6
 Eringya's Noxious Bog    Alch           0%         4d6       100%        6
 Plasma Beam              Fire/Air       0%         2x1d10    100%        6
 Starburst                Conj/Fire      0%         6d3       100%        6
 Enfeeble                 Hex            0%         N/A       100%        7
 Haunt                    Necr/Summ      0%         N/A       100%        7
 Spellforged Servitor     Conj/Summ      0%         N/A       100%        7
 Infestation              Necr           0%         N/A       100%        8
 Chain Lightning          Conj/Air       0%         N/A       100%        9
 Fire Storm               Conj/Fire      0%         5d1       100%        9
 Shatter                  Erth           0%         3d5*      100%        9


Dungeon Overview and Level Annotations

Branches:
Dungeon (15/15)            Temple (1/1) D:7            Lair (5/5) D:9
 Shoals (4/4) Lair:3        Snake (0/4) Lair:2        Slime (0/5) Lair:5
    Orc (2/2) D:10            Elf (2/3) Orc:2        Vaults (0/5) D:13
 Depths (0/4) D:15         Bailey (visited)

Altars:
Ashenzari
Cheibriados
Dithmenos
Elyvilon
Fedhas
Gozag
Hepliaklqana
Kikubaaqudgha
Makhleb
Nemelex Xobeh
Okawaru
Qazlal
Ru
Sif Muna
Trog
Uskayaw
Vehumet
Wu Jian
Xom
Yredelemnul
Zin
The Shining One
Jiyva

Shops:
D:1 ?[!!   D:5 *   D:10 (   D:11 (:   Orc:2 [(:[   Elf:2 **   Shoals:2 !
Shoals:3 *(

Portals:
Trove: Elf:1 (give 5 scrolls of fear)

Annotations:
D:3 1 runed translucent door, Crazy Yiuf
D:12 1 runed translucent door, metalburner8's ghost, journeyman GrFi
Lair:1 3 runed translucent doors, TacoSundae's ghost, journeyman OnGl
Shoals:3 1 runed translucent door, OverworldOutcast's ghost, adept DsNe
Elf:2 3 runed translucent doors


Innate Abilities, Weirdness & Mutations

You are a creature with a mouth for a stomach.
Your midsection houses a second, enormous mouth.
You cannot wear most types of armour.
You are amphibious.
You can wear up to eight rings at the same time.
Your skin changes colour to match your surroundings (Stealth+).
Your rubbery body absorbs attacks. (AC +1, EV +1)
((You are camouflaged when in or above water. (Stealth+)))
You have tentacles for arms and can constrict up to eight enemies at once.


Message History

The deep elf archer hits the deep elf pyromancer with a +0 short sword.
The +2 vampiric trident completely misses you.
You hear some strange, mumbled words.
A shard of ice appears from out of thin air!
The shard of ice hits you!! You partially resist.
The deep elf pyromancer casts a spell.
The deep elf archer is engulfed in noxious fumes.
The deep elf archer appears confused.
The deep elf archer hits the fire elemental with a +0 short sword!
The +2 vampiric trident misses you. Something hits you!
Unknown command.
Unknown command.
Okay, then.
Okay, then.
Unknown command.
Unknown command.
You tentacle-slap something.
Your tentacle-slap misses something.
Your squeeze misses something. Your bite misses something.
The +2 vampiric trident hits you from afar!
* * * LOW HITPOINT WARNING * * *
The deep elf archer is engulfed in noxious fumes.
The deep elf archer appears confused.
The deep elf archer hits the fire elemental with a +0 short sword!!
Something closely misses you.
Unknown command.
You closely miss something. You bite something.
The +2 vampiric trident barely misses you.
Unknown command.
You completely miss something. Your bite misses something. Something hits you!
* * * LOW HITPOINT WARNING * * *
The +2 vampiric trident hits you from afar.
* * * LOW HITPOINT WARNING * * *
The deep elf archer is engulfed in noxious fumes.
The deep elf archer hits the fire elemental with a +0 short sword!
The fire elemental is destroyed!
The fire elemental disappears in a puff of smoke!
You hear some strange, mumbled words.
A shard of ice appears from out of thin air!
The shard of ice hits you!! You partially resist.
You die...

.... ..... .......... #....
.°. ......○e. #.#...#e#
..[..#...#§# #.# #(# .. #.#
##{## #.# #.# ##.W)##
#######.## ##.# ##.....##
#......... ##..# ##.....).##
#.#>##....
#...####......)).###.........
#....).'.....)..)'...........
#..)####....).)..###........<
##..# ##.......## #.#.#.###.
#.#.# ###.....## #...).....
#.#.# #.....<## #####.####


You could see a deep elf archer (repels missiles, confused), a deep elf
pyromancer and a +2 vampiric trident.

Vanquished Creatures
  Saint Roka (Orc:2)
  Jorgrun (Shoals:2)
  Gastronok (D:8)
  A tengu reaver (D:14)
  Ilsuiw (Shoals:2)
  Roxanne (D:15)
  A daeva (Shoals:4)
  Aizul (Shoals:4)
  A deep elf sorcerer (Elf:2)
  An orc warlord (Bailey)
  The ghost of Bananafolds the Warrior, a journeyman MfSk of Makhleb (Lair:4)
  8 merfolk javelineers
  20 merfolk impalers
  2 deep elf high priests
  2 hydras
  3 catoblepae
  An ironbound frostheart (D:13)
  Erica (D:11)
  7 merfolk avatars
  6 centaur warriors
  4 two-headed ogres
  A death knight (D:13)
  3 merfolk aquamancers (Shoals:4)
  2 alligator snapping turtles (Shoals:4)
  5 tengu warriors
  11 dancing weapons
  5 boulder beetles
  2 satyrs (Shoals:3)
  2 death yaks (Shoals:4)
  An orc high priest (Elf:1)
  The ghost of toela the Thaumaturge, a novice OnAE (D:8)
  A vampire mage (D:15)
  Sonja (Lair:2)
  7 deep elf knights
  5 skysharks
  Amaemon (Lair:1)
  Nergalle (D:12)
  7 skeletal warriors
  2 goliath frogs (Lair:5)
  A spark wasp zombie (D:15)
  10 sea snakes
  12 harpies
  2 cherubim (Shoals:4)
  An arcanist (D:14)
  11 deep elf archers
  23 deep elf pyromancers
  A necromancer (D:15)
  2 orc sorcerers
  2 phantasmal warriors (D:13)
  12 fauns
  13 cyclopes
  9 ugly things
  A salamander (shapeshifter) (D:14)
  22 deep elf zephyrmancers
  4 orc knights
  2 oklob plants (Lair:2)
  10 manticores
  9 elephants
  14 merfolk sirens
  Maurice (D:9)
  6 meliai
  5 black mambas
  5 kobold blastminers (Orc:2)
  6 water nymphs
  18 cane toads
  An orange demon (Lair:1)
  An efreet (D:14)
  15 komodo dragons
  8 rime drakes
  2 freezing wraiths
  3 tengu conjurers
  A polar bear (D:9)
  A queen bee (D:14)
  8 trolls
  25 merfolk
  3 tyrant leeches
  A raiju (shapeshifter) (D:14)
  5 dream sheep
  6 wind drakes
  A spriggan zombie (D:15)
  25 blink frogs
  9 snapping turtles
  5 slime creatures (D:13)
  2 air elementals
  2 centaur simulacra (D:14)
  3 spriggans (D:8)
  Sigmund (D:2)
  2 shadows (D:10)
  6 water elementals
  A spriggan (shapeshifter) (D:14)
  2 vampires (D:12)
  3 wyverns
  2 humans (D:13)
  23 yaks
  A spriggan skeleton (D:15)
  2 fire elementals (Elf:2)
  9 vampire mosquitoes
  4 basilisks
  Eustachio (D:6)
  2 wargs (Orc:2)
  2 steam dragons
  Menkaure (D:5)
  5 acid dragons
  10 water moccasins
  7 ice beasts
  26 orc warriors
  11 ogres
  4 black bears
  A sky beast (D:7)
  A tengu (shapeshifter) (D:14)
  5 wolves
  7 centaurs
  A phantom (D:7)
  A kobold brigand (D:10)
  Blork the orc (D:5)
  14 bullfrogs
  A scorpion (D:6)
  39 killer bees
  3 electric eels (Lair:2)
  4 howler monkeys
  2 bombardier beetles
  5 hounds
  3 jellies
  18 orc priests
  5 iguanas
  18 orc wizards
  A boggart simulacrum (D:14)
  2 gnolls (Bailey)
  3 adders
  A shadow imp (D:7)
  4 ribbon worms
  2 dart slugs
  72 orcs
  8 endoplasms
  4 giant cockroaches
  16 goblins
  9 hobgoblins
  4 jackals (D:2)
  20 kobolds
  A quokka (D:1)
  4 ball pythons
  4 bats
  6 frilled lizards
  4 rats (D:1)
871 creatures vanquished.

Vanquished Creatures (others)
  A killer bee (D:14)
1 creature vanquished.

Grand Total: 872 creatures vanquished

Notes
Turn   | Place    | Note
-------+----------+-------------------------------------------
     0 | D:1      | MollyMolluskus the Octopode Fighter began the quest for the
                  | Orb.
     0 | D:1      | Reached XP level 1. HP: 16/16 MP: 1/1
   220 | D:1      | Found Wefuodav's Distillery.
   227 | D:1      | Found Aphoss's Distillery.
   277 | D:1      | Found Laeh's Armour Boutique.
   291 | D:1      | Reached XP level 2. HP: 18/21 MP: 2/2
   370 | D:1      | Found a transporter.
   372 | D:1      | Found Pubin's Magic Scroll Boutique.
   382 | D:1      | Reached skill level 1 in Stealth
   594 | D:1      | Reached XP level 3. HP: 26/26 MP: 3/3
   651 | D:1      | Found a transporter.
   688 | D:1      | Bought a scroll of identify for 22 gold pieces
   961 | D:1      | Bought a potion of degeneration for 12 gold pieces
  1500 | D:2      | Noticed Sigmund
  1506 | D:2      | Killed Sigmund
  1507 | D:2      | Reached skill level 3 in Unarmed Combat
  1507 | D:2      | Reached XP level 4. HP: 33/33 MP: 4/4
  1507 | D:2      | Reached XP level 5. HP: 37/37 MP: 5/5
  1895 | D:1      | Bought a potion of lignification for 30 gold pieces
  2032 | D:1      | Bought a potion of heal wounds for 50 gold pieces
  2236 | D:3      | Found a runed translucent door.
  2237 | D:3      | Noticed Crazy Yiuf
  2305 | D:3      | Reached XP level 6. HP: 43/43 MP: 6/6
  2431 | D:3      | Reached skill level 4 in Unarmed Combat
  2799 | D:4      | Found a shimmering altar of Xom.
  3068 | D:4      | Reached XP level 7. HP: 48/48 MP: 7/7
  3321 | D:4      | Reached skill level 5 in Unarmed Combat
  3577 | D:1      | Bought a potion of berserk rage for 60 gold pieces
  3682 | D:5      | Entered Level 5 of the Dungeon
  3876 | D:5      | Noticed Menkaure
  3883 | D:5      | Killed Menkaure
  4035 | D:5      | Found Acataen's General Store.
  4093 | D:5      | Noticed Blork the orc
  4104 | D:5      | Killed Blork the orc
  4105 | D:5      | Reached XP level 8. HP: 36/54 MP: 8/8
  4285 | D:5      | Reached skill level 6 in Unarmed Combat
  4351 | D:5      | Found a bloodstained altar of Trog.
  4391 | D:5      | Found an iron altar of Okawaru.
  4568 | D:5      | Reached skill level 5 in Dodging
  5175 | D:6      | Noticed Eustachio
  5258 | D:6      | Reached skill level 5 in Fighting
  5275 | D:6      | Found a sacrificial altar of Ru.
  5372 | D:6      | Found a sparkling altar of Nemelex Xobeh.
  5377 | D:6      | Found a burning altar of Makhleb.
  5391 | D:6      | Killed Eustachio
  5392 | D:6      | Reached skill level 7 in Unarmed Combat
  5684 | D:1      | Bought a scroll of silence for 104 gold pieces
  6137 | D:7      | Noticed a troll
  6262 | D:7      | Reached XP level 9. HP: 56/62 MP: 9/9
  6271 | D:7      | Reached skill level 8 in Unarmed Combat
  6312 | D:7      | Killed a troll
  6593 | D:7      | Found a staircase to the Ecumenical Temple.
  6599 | Temple   | Entered the Ecumenical Temple
  6604 | Temple   | Became a worshipper of the Wu Jian Council
  6720 | D:7      | Noticed a deep elf pyromancer
  6729 | D:7      | Killed a deep elf pyromancer
  7078 | D:8      | Reached skill level 9 in Unarmed Combat
  7178 | D:8      | Found a runed translucent door.
  7276 | D:8      | Found a flagged portal.
  7287 | Bailey   | Entered a bailey
  7351 | Bailey   | Noticed an orc warlord
  7444 | Bailey   | Reached XP level 10. HP: 71/71 MP: 10/10
  7468 | Bailey   | Found a runed translucent gate.
  7481 | Bailey   | Found a runed translucent gate.
  7483 | Bailey   | Found a runed translucent gate.
  7495 | Bailey   | Reached * piety under Wu Jian
  7586 | Bailey   | Killed an orc warlord
  7587 | Bailey   | Reached skill level 10 in Unarmed Combat
  7707 | Bailey   | Got the Codex of Blasts
  7721 | D:8      | Acquired 545 gold pieces
  7723 | D:8      | Acquired the ring "Coatoaqi" {Str+5 Dex+3 Slay+4}
  7866 | D:8      | Noticed Gastronok
  8016 | D:8      | Killed Gastronok
  8132 | D:8      | Reached skill level 11 in Unarmed Combat
  8221 | D:8      | Noticed toela's ghost (novice OnAE)
  8222 | D:8      | Identified the +3 spear of Hofraum {elec, rN+ Will++ Str+2}
  8873 | D:1      | Bought 3 scrolls of identify for 66 gold pieces
  8951 | D:1      | Bought a potion of heal wounds for 50 gold pieces
  8951 | D:1      | Bought a potion of resistance for 100 gold pieces
  8951 | D:1      | Bought a potion of curing for 30 gold pieces
  8951 | D:1      | Bought a potion of curing for 30 gold pieces
  9091 | D:5      | Bought a scroll of blinking for 105 gold pieces
  9281 | D:9      | Noticed Maurice
  9341 | D:9      | Found an ancient bone altar of Kikubaaqudgha.
  9344 | D:9      | Found a glowing silver altar of Zin.
  9463 | D:9      | Found a staircase to the Lair.
  9724 | D:9      | Reached XP level 11. HP: 74/78 MP: 11/11
  9790 | D:9      | Reached skill level 12 in Unarmed Combat
  9983 | D:9      | Maurice stole a granite talisman
  9985 | D:9      | Killed Maurice
  9986 | D:9      | Reached skill level 1 in Shapeshifting
 10056 | D:10     | Entered Level 10 of the Dungeon
 10056 | D:10     | Found a staircase to the Orcish Mines.
 10056 | D:10     | Found Idir's Weapon Emporium.
 10232 | D:10     | You fall into a shaft and drop 1 floor!
 10234 | D:11     | Noticed Erica
 10238 | D:11     | Noticed a boulder beetle
 10241 | D:11     | Noticed a manticore
 10242 | D:11     | Killed Erica
 10319 | D:10     | Found a broken altar of Ashenzari.
 10435 | D:10     | Found a hazy altar of Hepliaklqana.
 10520 | D:10     | Noticed a two-headed ogre
 10765 | D:1      | Bought a potion of berserk rage for 60 gold pieces
 10765 | D:1      | Bought 3 potions of might for 144 gold pieces
 11136 | D:10     | Found a shadowy altar of Dithmenos.
 11326 | D:10     | Killed a two-headed ogre
 11991 | D:11     | Killed a boulder beetle
 12114 | D:11     | Noticed a two-headed ogre
 12126 | D:11     | Killed a two-headed ogre
 12182 | D:11     | Found Syor's Book Emporium.
 12236 | D:11     | Found Wiskia's Antique Weapon Shoppe.
 12304 | D:11     | Killed a manticore
 12898 | D:11     | Reached skill level 10 in Fighting
 13013 | D:12     | Noticed a cyclops
 13018 | D:12     | Killed a cyclops
 13097 | D:12     | Identified the +1 morningstar "Tank" {heavy, ^Contam Str+9
                  | Dex+3}
 13122 | D:12     | Reached skill level 13 in Unarmed Combat
 13130 | D:12     | Reached XP level 12. HP: 88/88 MP: 12/12
 13214 | D:12     | Noticed a two-headed ogre
 13225 | D:12     | Killed a two-headed ogre
 13239 | D:12     | Found a runed translucent door.
 13239 | D:12     | Noticed metalburner8's ghost (journeyman GrFi)
 13291 | D:12     | Reached skill level 5 in Shapeshifting
 13426 | D:12     | Noticed Nergalle
 13436 | D:12     | Killed Nergalle
 13845 | Lair:1   | Entered Level 1 of the Lair of Beasts
 13845 | Lair:1   | Noticed Amaemon
 13905 | D:8      | Reached ** piety under Wu Jian
 13913 | D:8      | Killed toela's ghost
 14279 | Lair:1   | Killed Amaemon
 14681 | Lair:1   | Found a runed translucent gate.
 14681 | Lair:1   | Found a runed translucent gate.
 14681 | Lair:1   | Found a runed translucent gate.
 14682 | Lair:1   | Found a viscous altar of Jiyva.
 14682 | Lair:1   | Noticed TacoSundae's ghost (journeyman OnGl)
 15421 | Lair:2   | Found a staircase to the Snake Pit.
 15628 | Lair:2   | Noticed Sonja
 15633 | Lair:2   | Killed Sonja
 15634 | Lair:2   | Reached skill level 14 in Unarmed Combat
 16441 | Lair:2   | Acquired a +1 buckler of protection
 16660 | Lair:2   | Noticed a seven-headed hydra
 16669 | Lair:2   | Killed a seven-headed hydra
 16694 | Lair:2   | Reached XP level 13. HP: 64/96 MP: 13/13
 16932 | Lair:2   | Found a blossoming altar of Fedhas.
 17214 | Lair:3   | Identified the +11 falchion of Wityph {antimagic, rElec rC+
                  | Dex-2 SInv}
 17761 | Lair:3   | Found a staircase to the Shoals.
 18293 | Lair:4   | Reached *** piety under Wu Jian
 18528 | Lair:3   | Reached skill level 15 in Unarmed Combat
 18977 | Lair:4   | Found a runed translucent door.
 18977 | Lair:4   | Noticed Bananafolds's ghost (journeyman MfSk)
 19295 | Lair:5   | Entered Level 5 of the Lair of Beasts
 19503 | Lair:4   | Killed Bananafolds's ghost
 19884 | Lair:5   | Reached XP level 14. HP: 74/106 MP: 14/14
 20042 | Lair:5   | Identified the ring "Siophure" {Fly rC+ rN+ Dex+3}
 20513 | Lair:5   | Reached **** piety under Wu Jian
 20977 | Lair:5   | Found a viscous altar of Jiyva.
 20977 | Lair:5   | Found a staircase to the Slime Pits.
 21027 | Lair:5   | Reached skill level 10 in Shapeshifting
 21528 | D:13     | Reached skill level 16 in Unarmed Combat
 21649 | D:13     | Found an iron altar of Okawaru.
 21799 | D:13     | Reached ***** piety under Wu Jian
 21999 | D:13     | Found a gate to the Vaults.
 22301 | D:13     | Acquired the +2 buckler of the Invisible Hand {rF+ Regen+}
 22636 | D:14     | Reached XP level 15. HP: 99/114 MP: 15/15
 22916 | D:14     | Reached skill level 17 in Unarmed Combat
 23070 | D:14     | Noticed a tengu reaver
 23076 | D:14     | Killed a tengu reaver
 23087 | D:14     | Reached skill level 15 in Fighting
 23255 | D:14     | Found the +6 lightning scales {swift, rElec}
 23379 | D:15     | Entered Level 15 of the Dungeon
 23414 | D:15     | Found a blossoming altar of Fedhas.
 23686 | D:15     | Found a staircase to the Depths.
 23906 | D:15     | Reached skill level 18 in Unarmed Combat
 24073 | D:15     | Identified the granite talisman of the Wild Haggis {rN+}
 24073 | D:15     | Noticed Roxanne
 24080 | D:15     | Killed Roxanne
 24534 | Orc:1    | Entered Level 1 of the Orcish Mines
 24894 | Orc:2    | Entered Level 2 of the Orcish Mines
 24906 | Orc:2    | Found a staircase to the Elven Halls.
 24922 | Orc:2    | Found Tusulafo's Book Shoppe.
 24946 | Orc:2    | Found Etuisaiz's Armour Shop.
 25025 | Orc:2    | Noticed Saint Roka
 25033 | Orc:2    | Reached XP level 16. HP: 104/122 MP: 16/16
 25033 | Orc:2    | Killed Saint Roka
 25039 | Orc:2    | Found Pueristuige's Antique Weapon Shoppe.
 25040 | Orc:2    | Found Bienk's Antique Armour Emporium.
 25848 | Shoals:1 | Entered Level 1 of the Shoals
 25967 | Shoals:1 | Found a runed translucent door.
 26770 | Shoals:1 | Acquired 803 gold pieces
 26867 | Shoals:2 | Reached skill level 19 in Unarmed Combat
 26920 | Shoals:2 | Noticed Ilsuiw
 26931 | Shoals:2 | Killed Ilsuiw
 27272 | Shoals:2 | Identified the +0 buckler "Fodathri" {Dex+4}
 27293 | Shoals:2 | Found Toopsova's Distillery.
 27297 | Shoals:2 | Bought a potion of haste for 150 gold pieces
 27297 | Shoals:2 | Bought a potion of heal wounds for 75 gold pieces
 27297 | Shoals:2 | Bought a potion of resistance for 150 gold pieces
 27297 | Shoals:2 | Bought a potion of attraction for 45 gold pieces
 27297 | Shoals:2 | Bought a potion of resistance for 150 gold pieces
 27482 | Shoals:2 | Noticed Jorgrun
 27492 | Shoals:2 | Killed Jorgrun
 27493 | Shoals:2 | Reached XP level 17. HP: 130/130 MP: 17/17
 27697 | Shoals:3 | Found Suvoul's Mayhem Merchandise.
 27840 | Shoals:3 | Found a runed translucent door.
 27842 | Shoals:3 | Noticed OverworldOutcast's ghost (adept DsNe)
 27869 | Shoals:3 | Found Joemidod's Antique Weapon Emporium.
 28186 | Shoals:3 | Identified the +9 flail "Arbiter" {elec, rPois rCorr}
 28504 | Shoals:4 | Entered Level 4 of the Shoals
 28517 | Shoals:4 | Identified the serpent talisman of the Earth {Dex+2}
 28517 | Shoals:4 | Noticed Aizul
 28522 | Shoals:4 | Found a glowing silver altar of Zin.
 28579 | Shoals:4 | Found a glowing golden altar of the Shining One.
 28597 | Shoals:4 | Reached skill level 15 in Shapeshifting
 28653 | Shoals:4 | Killed Aizul
 28689 | Shoals:4 | Identified the +5 sling of Duty {speed, +Blink rCorr}
 29051 | Shoals:4 | Got a barnacled rune of Zot
 29188 | Shoals:4 | Found a white marble altar of Elyvilon.
 29516 | Elf:1    | Entered Level 1 of the Elven Halls
 29630 | Elf:1    | Reached XP level 18. HP: 139/139 MP: 18/18
 29699 | Elf:1    | Paralysed by an air elemental for 1 turns
 29705 | Elf:1    | Reached skill level 20 in Unarmed Combat
 29722 | Elf:1    | Identified the +4 quarterstaff "Pupi" {distort, Int+7
                  | Stlth+}
 29803 | Elf:1    | Reached ****** piety under Wu Jian
 30130 | Elf:1    | Found a portal to a secret trove of treasure.
 30288 | Elf:2    | Found Ulyone's Specific Store.
 30292 | Elf:2    | Found Meettiseyv's General Store.
 30559 | Elf:2    | Bought a +4 ring of protection for 612 gold pieces
 30629 | Elf:2    | Found a runed translucent gate.
 30630 | Elf:2    | Found a runed translucent gate.
 30630 | Elf:2    | Found a runed translucent gate.
 30806 | Elf:2    | Killed from afar by a deep elf knight

Illustrated notes

Levels and vault maps discovered:
D:1:      dpeg_arrival_arbitrary_a, layout_loops_cross, serial_shops, shop,
          shop, nicolae_shop_drivethru, shop, minmay_bisected
D:2:      layout_loops_corners, uniq_sigmund
D:3:      layout_basic, hangedman_decor_opposing, uniq_crazy_yiuf_cottage
D:4:      layout_basic, xom_teletrap_fun, serial_forest,
          infiniplex_forest_straight_3, infiniplex_forest_lined_room_3,
          infiniplex_forest_lined_corner, infiniplex_forest_straight_2,
          infiniplex_forest_lined_2, infiniplex_forest_clump_tiny,
          infiniplex_forest_clump_diagonal, infiniplex_forest_straight_3
D:5:      layout_layer_cave, mainiacjoe_overflow_catch_the_wave, serial_shops,
          shop, uniq_blork_the_orc, uniq_menkaure
D:6:      layout_rooms, nicolae_ru_awakened_eye, mainiacjoe_overflow_big_doors,
          uniq_eustachio
D:7:      layout_rooms, minmay_temple_entry_enclosed_plants,
          guppyfry_early_elven_hall
D:8:      layout_layer_cave, enter_bailey_3, ebering_ghost_funeral_grove,
          uniq_gastronok
D:9:      layout_roguey, nicolae_overflow_hidden_temple,
          hellmonk_lair_entry_icy, uniq_maurice
D:10:     layout_cave_pods, mainiacjoe_overflow_24_doors,
          mainiacjoe_overflow_six_doors_small, kennysheep_little_box,
          orc_david_3, minmay_gold_behind_fungi
D:11:     layout_long_grid, serial_shops, shop, shop_statue, uniq_erica
D:12:     layout_rooms, ebering_ghost_reflecting_pool,
          nicolae_figureground_sparkle, uniq_nergalle
D:13:     layout_stronghold, hellmonk_vaults_keyhole,
          kennysheep_okawaru_gauntlet
D:14:     regret_index_combs_of_tragedy, layout_basic
D:15:     gammafunk_depths_entry_grave, layout_stronghold, fedhas_altar_1,
          uniq_roxanne
Temple:   minmay_freezing_vapour_temple
Lair:1:   layout_gridlike, gammafunk_ghost_ooze, pdpol_lair_neglected_garden,
          infiniplex_staircase_pool_2, lemuel_fruit_fields, uniq_amaemon
Lair:2:   beast_lair_carwin_large_2, layout_gridlike, dummy_snake_entry,
          hangedman_tree_tricks, st_stairs_13, serial_bayou_shore_a,
          serial_bayou_shore_b, uniq_sonja
Lair:3:   layout_regular_city, minmay_shoals_entry_centaurs
Lair:4:   layout_gridlike, hellmonk_ghost_happy_afterlife
Lair:5:   minmay_lair_end_frog_pond, layout_cave_pods, dpeg_slime_entry_corner,
          lemuel_fruit_fields
Shoals:1: nicolae_shoals_offshore_bank_account, layout_shoals,
          nicolae_shoals_water_booths
Shoals:2: layout_shoals, nicolae_shoals_c_island, uniq_jorgrun, uniq_ilsuiw
Shoals:3: layout_shoals, ebering_ghost_inner_flame, serial_shops,
          nicolae_shop_statue_plus, minmay_shop_mayhem
Shoals:4: shoals_end_hellmonk_holy_island, serial_shops, uniq_aizul
Orc:1:    layout_diamond_mine
Orc:2:    grunt_orc_community_town_hall, layout_diamond_mine,
          grunt_orc_community_big_house_1, grunt_orc_community_big_house_1,
          grunt_orc_community_house_1, grunt_orc_community_house_3,
          grunt_orc_community_house_2, grunt_orc_community_house_2
Elf:1:    nicolae_elf_arrival_no_cutting_in_line, layout_loops_cross,
          trove_entry_hex_spiral, kennysheep_underground_church
Elf:2:    nicolae_elf_blades_crystal_corner, layout_loops_corners,
          nicolae_specific_store

Skill      XL: |  1  2  3  4  5  6  7  8  9 10 11 12 13 14 15 16 17 18 |
---------------+-------------------------------------------------------+-----
Stealth        | 1 2 3 4 |  4.0
Unarmed Combat | 3 4 5 7 9 11 13 14 15 16 18 19 20 | 20.4
Fighting       | 4 5 7 8 10 11 13 14 15 16 17 | 17.8
Dodging        | 4 6 7 8 |  8.0
Shields        | 4 |  4.0
Shapeshifting  | 4 7 9 10 11 13 15 16 | 16.4

Action                     |  1- 3 |  4- 6 |  7- 9 | 10-12 | 13-15 | 16-18 || total
---------------------------+-------+-------+-------+-------+-------+-------++-------
  Melee: Unarmed           |    88 |    66 |   184 |   288 |   721 |   524 ||  1871
         Constrict         |    21 |     7 |    39 |    36 |   129 |   167 ||   399
         Tentacles         |    15 |    11 |    41 |    68 |   175 |   144 ||   454
         Punch             |     2 |       |     7 |    26 |    77 |    97 ||   209
         Maw               |       |       |       |       |   124 |   192 ||   316
         Falchion          |       |       |       |       |       |     4 ||     4
  Throw: Stone             |    10 |       |       |       |       |       ||    10
         Boomerang         |       |     3 |    18 |    13 |    26 |     1 ||    61
         Dart              |       |       |       |    28 |     3 |       ||    31
 Invoke: Heavenly Storm    |       |       |       |       |     4 |     2 ||     6
         Serpent's Lash    |       |       |       |       |       |     3 ||     3
Ability: Lunge             |       |       |    10 |    52 |   101 |   125 ||   288
         Whirlwind         |       |       |       |    10 |   237 |   150 ||   397
         Wall Jump         |       |       |       |     5 |    35 |    15 ||    55
  Evoke: Wand              |       |       |     3 |    18 |    13 |     9 ||    43
         Phial of floods   |       |       |       |       |       |     1 ||     1
         Condenser vane    |       |       |       |       |       |     1 ||     1
    Use: Scroll            |     5 |     5 |     6 |    13 |     8 |    13 ||    50
         Potion            |       |     2 |     2 |    12 |     1 |     4 ||    21
   Stab: Sleeping          |     8 |     5 |     8 |    12 |    20 |    15 ||    68
         Distracted        |     1 |       |     1 |     2 |     5 |     4 ||    13
         Invisible         |       |       |       |     1 |       |       ||     1
 Armour: Skin              |    15 |    32 |    82 |   107 |   138 |   140 ||   514
  Dodge: Dodged            |    46 |    15 |    76 |    85 |   251 |   253 ||   726
  Block: Buckler           |    15 |     5 |    30 |    60 |   110 |   100 ||   320
   Form: Maw               |       |       |       |       |     1 |       ||     1
